 Dungeon Sprint DCSS version 0.23-a0-702-gd214142 (webtiles) character file.

94 rednecknazgul the Cutter (level 4, -3/26 HPs)
             Began as a Vine Stalker Monk on Jan 13, 2019.
             Was a Believer of Zin.
             Slain by a hippogriff (8 damage)
             ... in the Dungeon (Sprint IX: "|||||||||||||||||||||||||||||").
             The game lasted 00:01:08 (253 turns).

rednecknazgul the Cutter (Vine Stalker Monk)         Turns: 253, Time: 00:01:09

Health: -3/26      AC: 13    Str: 14    XL:     4   Next: 63%
Magic:  0/6        EV: 10    Int: 10    God:    Zin [**....]
Gold:   0          SH:  0    Dex: 17    Spells: 3/3 levels left

rFire    . . .     SeeInvis .   m - +0 lajatang
rCold    . . .     Gourm    .   (shield currently unavailable)
rNeg     . . .     Faith    .   n - +1 chain mail
rPois    .         Spirit   +   a - +0 helmet
rElec    .         Reflect  .   (no cloak)
rCorr    .         Harm     .   (no gloves)
MR       .....     NoTele   +   (no boots)
Stlth    ..........             (no amulet)
HPRegen  0.48/turn              o - +2 ring of evasion
MPRegen  0.10/turn              p - +2 ring of protection

@: no status effects
A: fangs 2, regeneration 1, magic shield, antimagic bite, no potion heal 3, rot
immunity
a: Recite, Vitalisation, Donate Gold, Renounce Religion


You were in the Dungeon.
You worshipped Zin.
Zin was pleased with you.
You were not hungry.

You visited 1 branch

Inventory:

Hand Weapons
 m - a +0 lajatang (weapon)
Armour
 a - a +0 helmet (worn)
 n - a +1 chain mail (worn)
Jewellery
 o - a +2 ring of evasion (left hand)
 p - a +2 ring of protection (right hand)
Wands
 l - a wand of iceblast (10)
Scrolls
 i - 2 scrolls of blinking
 j - 3 scrolls of remove curse
 k - 2 scrolls of amnesia
Potions
 d - 5 potions of curing
 e - 3 potions of heal wounds
 f - a potion of haste
 g - 4 potions of magic
 h - a potion of invisibility
Comestibles
 c - a ration


   Skills:
 + Level 4.3 Fighting
   Level 5.0 Short Blades
 * Level 1.9 Staves
 + Level 2.8 Armour
 + Level 3.9 Dodging
 - Level 2.4 Stealth
 * Level 2.2 Invocations


You had 3 spell levels left.
You didn't know any spells.
Your spell library was empty.

Dungeon Overview and Level Annotations

Branches:
Dungeon (1/1)

Altars:
Cheibriados
Dithmenos
Elyvilon
Fedhas
Gozag
Hepliaklqana
Kikubaaqudgha
Makhleb
Nemelex Xobeh
Okawaru
Qazlal
Ru
Sif Muna
Trog
Uskayaw
Vehumet
Wu Jian
Xom
Yredelemnul
Zin
The Shining One
Beogh
Jiyva
Lugonu


Innate Abilities, Weirdness & Mutations

You have extremely sharp teeth.
Your natural rate of healing is unusually fast.
When hurt, damage is shared between your health and your magic reserves.
Your bite disrupts and absorbs the magic of your enemies.
Potions cannot restore your health.
You are immune to rotting.


Message History

The hippogriff is heavily wounded.
The hippogriff bites you!
* * * LOW HITPOINT WARNING * * *
The hippogriff closely misses you.
The hippogriff claws you but does no damage.
The hippogriff bites you.
* * * LOW HITPOINT WARNING * * *
The hippogriff pecks you but does no damage.
The hippogriff claws you but does no damage.
You slash the hippogriff!
You bite the hippogriff, but do no damage.
The hippogriff is severely wounded.
The hippogriff misses you. The hippogriff closely misses you.
The hippogriff claws you but does no damage.
Unknown command.
Your chain mail prevents you from hitting the hippogriff.
You bite the hippogriff, but do no damage.
The hippogriff is severely wounded.
The hippogriff bites you!
You die... ▓▓▓▓▓▓▓▓▓▓▓▓▓▓▓▓▓▓▓▓▓▓▓▓ _______'..|)[...@HhOor.. ▓▓▓▓▓▓▓▓▓▓▓▓▓▓▓▓▓▓▓▓▓▓▓▓

You could see a hippogriff, an ogre, a hound, an orc and a quokka.

Vanquished Creatures
  A howler monkey (D)
  2 worker ants (D)
  2 leopard geckos (D)
  A ball python (D)
  A giant cockroach (D)
  A kobold (D)
  A quokka (D)
  A bat (D)
  A rat (D)
11 creatures vanquished.

Notes
Turn   | Place    | Note
-------+----------+-------------------------------------------
     0 | D        | rednecknazgul the Vine Stalker Monk began the quest for the
                  | Orb.
     0 | D        | Reached XP level 1. HP: 11/11 MP: 2/2
     8 | D        | Reached skill level 3 in Short Blades
    20 | D        | Reached skill level 1 in Armour
   157 | D        | Noticed a worker ant
   157 | D        | Noticed a worker ant
   160 | D        | Killed a worker ant
   160 | D        | Reached skill level 4 in Short Blades
   160 | D        | Reached XP level 2. HP: 16/16 MP: 1/3
   160 | D        | Reached XP level 3. HP: 20/20 MP: 1/4
   167 | D        | Reached skill level 5 in Short Blades
   175 | D        | Found a roughly hewn altar of Beogh.
   175 | D        | Found a snail-covered altar of Cheibriados.
   175 | D        | Found a shadowy altar of Dithmenos.
   175 | D        | Found a white marble altar of Elyvilon.
   175 | D        | Found a blossoming altar of Fedhas.
   175 | D        | Found an opulent altar of Gozag.
   176 | D        | Found a hazy altar of Hepliaklqana.
   177 | D        | Found a viscous altar of Jiyva.
   178 | D        | Found an ancient bone altar of Kikubaaqudgha.
   179 | D        | Found a corrupted altar of Lugonu.
   180 | D        | Found a burning altar of Makhleb.
   181 | D        | Found a sparkling altar of Nemelex Xobeh.
   182 | D        | Found an iron altar of Okawaru.
   183 | D        | Found a stormy altar of Qazlal.
   184 | D        | Found a sacrificial altar of Ru.
   185 | D        | Found a deep blue altar of Sif Muna.
   186 | D        | Found a bloodstained altar of Trog.
   187 | D        | Found a hide-covered altar of Uskayaw.
   188 | D        | Found a radiant altar of Vehumet.
   189 | D        | Found an ornate altar of the Wu Jian Council.
   190 | D        | Found a shimmering altar of Xom.
   191 | D        | Found a basalt altar of Yredelemnul.
   192 | D        | Found a glowing silver altar of Zin.
   193 | D        | Found a glowing golden altar of the Shining One.
   200 | D        | Became a worshipper of Zin the Law-Giver
   200 | D        | Reached * piety under Zin
   200 | D        | Reached ** piety under Zin
   241 | D        | Noticed a hippogriff
   241 | D        | Noticed an ogre
   248 | D        | Reached skill level 1 in Staves
   248 | D        | Gained mutation: Your natural rate of healing is unusually
                  | fast. [Vine Stalker growth]
   248 | D        | Reached XP level 4. HP: 16/26 MP: 2/6
   253 | D        | Slain by a hippogriff

Vault maps used:
D:        linesprint

Skill      XL: |  1  2  3 |
---------------+----------+-----
Short Blades   | 4 5 |  5.0
Fighting       | 3 4 |  4.3
Armour         | 1 2 |  2.8
Dodging        | 3 |  3.9
Staves         | 1 |  1.9
Invocations    | 2 |  2.2
Stealth        | |  2.4

Action                   |  1- 3 |  4- 6 || total
-------------------------+-------+-------++-------
Melee: Short sword       |    26 |       ||    26
       Bite              |    10 |     4 ||    14
       Lajatang          |     7 |     5 ||    12
  Use: Potion            |     1 |       ||     1
Armor: Robe              |     2 |       ||     2
       Chain mail        |     3 |     6 ||     9
Dodge: Dodged            |    17 |     5 ||    22

Table legend:
 A = Non-vault XP
 B = Vault XP
 C = Vault XP percentage of total XP
 D = Non-vault monster count
 E = Vault monster count
 F = Vault count percentage of total count
                 A         B        C        D         E       F
            +---------+---------+-------+---------+---------+-------
      Total |       0 |     135 | 100.0 |       0 |      11 | 100.0
            +---------+---------+-------+---------+---------+-------
          D |       0 |     135 | 100.0 |       0 |      11 | 100.0
            +---------+---------+-------+---------+---------+-------
